 Dungeon Crawl Stone Soup version 0.14-a0-586-g2535b90 (webtiles) character file.

48 4tharraofdagon the Firebug (level 2, 10/22 HPs)
             Began as a Djinni Fire Elementalist on Nov 3, 2013.
             Quit the game on Level 4 of the Dungeon.
             The game lasted 00:02:04 (341 turns).

4tharraofdagon the Firebug (DjFE)                    Turns: 341, Time: 00:02:04

HP  10/22        AC  3     Str 13      XL: 2   Next: 86%
MP   0/0         EV 11     Int 20      God:
Gold 23          SH  8     Dex 13      Spells:  1 memorised,  4 levels left

Res.Fire  : + + +   See Invis. : .   (no weapon)
Res.Cold  : x . .   Warding    : .   a - +0 robe
Life Prot.: + + +   Conserve   : .   l - +1 buckler
Res.Poison: .       Res.Corr.  : .   (no helmet)
Res.Elec. : .       Clarity    : .   d - +0 elf cloak
Sust.Abil.: . .     Spirit.Shd : .   (no gloves)
Res.Mut.  : .       Stasis     : .   (boots unavailable)
Res.Rott. : .       Flight     : +   (no amulet)
Saprovore : . . .                    (no ring)
                                     i - ring of wizardry

@: mighty, brilliant, flying, slowed, very slow, not resistant to hostile
enchantments, fairly stealthy
A: fire immunity, cold vulnerability, life protection 3
a: no special abilities


You were on level 4 of the Dungeon.
You were not hungry.

You visited 1 branch of the dungeon, and saw 4 of its levels.

You collected 23 gold pieces.

Inventory:

Missiles
 c - 16 darts of frost (quivered)
Armour
 a - a +0 robe (worn)
 d - a +0 elven cloak (worn)
 l - a +1 buckler (worn)
Jewellery
 i - a ring of wizardry (left hand)
Potions
 j - a potion of might
Books
 b - a book of Flames

   Spells                             Type                      Level
   *Flame Tongue                      Conjuration/Fire             1
   Throw Flame                        Conjuration/Fire             2
   Conjure Flame                      Conjuration/Fire             3
   Inner Flame                        Hexes/Fire                   3
   Sticky Flame                       Conjuration/Fire             4
   Fireball                           Conjuration/Fire             5


   Skills:
 - Level 1.7 Dodging
 - Level 1.5 Stealth
 + Level 0.0 Shields
 + Level 2.0 Spellcasting
 * Level 2.1 Conjurations
 * Level 4.5 Fire Magic


You had 4 spell levels left.
You knew the following spells:

 Your Spells              Type           Power        Failure   Level  Hunger
a - Flame Tongue          Conj/Fire      ####.        1%          1    #......


Dungeon Overview and Level Annotations

Branches:
Dungeon (4/27)
 Temple: D:4-7

Altars:

Annotations:
D:3 Terence
D:4 Menkaure


Innate Abilities, Weirdness & Mutations

You are immune to all types of fire, even holy and hellish.
You are vulnerable to cold.
You need no food.
You have no legs.
You are immune to negative energy.


Message History

Nothing appears to happen.
Menkaure shouts!
Drink which item? (? for menu, Esc to quit)
You feel very mighty all of a sudden.
It was a potion of might.
The orc hits you with an orcish morningstar!
Ouch! That really hurt!
* * * LOW HITPOINT WARNING * * *
Drink which item? (? for menu, Esc to quit)
You feel much better.
It was a potion of heal wounds.
The orc hits you with an orcish morningstar.
The orc wizard gestures at you while chanting.
The magic dart hits you!
Drink which item? (? for menu, Esc to quit)
You feel more clever all of a sudden.
It was a potion of brilliance.
The orc closely misses you. Menkaure closely misses you.
You block the orc's attack. The orc hits you with an orcish dagger.
The orc closely misses you.
Unknown command.
Are you sure you want to abandon this character and quit the game? (Confirm with "yes".)

#..... ...
#.............
##...............
#..G..............
#<.................
#<..G.........[...=
#<.........o.......
#.........oo........
##........o@........
#.......oM........
#(............(.
#..............
##.............
##...........
##.........
##....... ...


You could see Menkaure, a giant eyeball (wandering), an orc wizard and 4 orcs.

Vanquished Creatures
  An adder (D:3)
  A giant mite (D:1)
  2 bats
  A giant cockroach (D:3)
  A goblin (D:3)
  A giant newt (D:3)
  3 kobolds
  2 rats
12 creatures vanquished.

Notes
Turn   | Place    | Note
--------------------------------------------------------------
     0 | D:1      | 4tharraofdagon, the Djinni Fire Elementalist, began the quest for the Orb.
     0 | D:1      | Reached XP level 1. HP: 14/14 MP: 0/0
     8 | D:1      | Reached XP level 2. EP: 9/21
   246 | D:3      | Noticed Terence
   333 | D:4      | WTF
   337 | D:4      | Noticed Menkaure
   337 | D:4      | WTF
   341 | D:4      | Quit the game

Action                   || total
-------------------------++-------
 Cast: Flame Tongue      ||    22
  Use: Scroll            ||     3
       Potion            ||     3
